[Event "Titled Tuesday Blitz April 11 Late 2023"]
[White "Bolourchifard, Farzad"]
[Black "Hajiyev, Kanan"]
[WhiteFideId "12510084"]
[BlackFideId "13404148"]
[WhiteElo "2317"]
[BlackElo "2103"]
[Result "1-0"]
[Round "04"]
[TimeControl "180+2"]
[Date "2023.04.11"]
[WhiteClock "0:00:19"]
[BlackClock "0:00:05"]

1. e4 c6 2. d4 d5 3. exd5 cxd5 4. Bd3 Nc6 5. c3 Qc7 6. h3 Nf6 7. Nf3 g6 8. O-O Bg7 9. Re1 O-O 10. Nbd2 Bf5 11. Be2 h6 12. Nf1 Ne4 13. N3d2 Nxd2 14. Bxd2 e5 15. Ng3 Be6 16. dxe5 Nxe5 17. Be3 Nc4 18. Bxc4 dxc4 19. Qa4 a6 20. Rad1 Rfd8 21. Ne2 b5 22. Qc2 Bf5 23. Qc1 Bd3 24. Bf4 Qa5 25. a3 Kh7 26. Nd4 Re8 27. Re3 Rxe3 28. Qxe3 Qb6 29. Nf3 Qxe3 30. Bxe3 Re8 31. Bd4 Bf8 32. Ne5 Bg7 33. Nxd3 Bxd4 34. Nb4 Bc5 35. Nxa6 Bb6 36. Rd2 Re1+ 37. Kh2 Re6 38. Nb4 Bc7+ 39. g3 Kg7 40. Kg2 Bd6 41. Nc6 Bc5 42. Nd4 Rd6 43. Nf3 Rf6 44. Rd5 Rc6 45. Nd4 Rc7 46. Nxb5 Rc8 47. Nd4 Bxd4 48. Rxd4 Rb8 49. Rxc4 Rxb2 50. a4 Ra2 51. Kf3 Kf6 52. Ke3 Ke5 53. Rc5+ Kd6 54. Ra5 Ra3 55. Ra6+ Kc5 56. Kd3 Ra2 57. Rf6 Rxa4 58. Rxf7 Ra2 59. Rf6 g5 60. Rxh6 Rxf2 61. Rh5 Kd6 62. Rxg5 Rf3+ 63. Kd4 Rf2 64. Rg6+ Ke7 65. h4 Kf7 66. h5 Rd2+ 67. Kc5 Rg2 68. g4 Rh2 69. c4 Ra2 70. Kd5 Ra5+ 71. c5 Ra4 72. Kc6 Ra6+ 73. Kb7 Ra5 74. c6 Rb5+ 75. Kc7 Ra5 76. Kb8 Rb5+ 77. Kc8 Rc5 78. c7 Rb5 79. Kd7 Rd5+ 80. Rd6 1-0


[Site "https://www.chess.com"]

[Event "Titled Tuesday Blitz April 11 Late 2023"]
[White "Jimenez Almeida, Luis David"]
[Black "Mammadov, Zaur"]
[WhiteFideId "22242244"]
[BlackFideId "13401033"]
[WhiteElo "2245"]
[BlackElo "2441"]
[Result "0-1"]
[Round "04"]
[TimeControl "180+2"]
[Date "2023.04.11"]
[WhiteClock "0:00:13"]
[BlackClock "0:00:53"]

1. e4 e6 2. d4 d5 3. e5 c5 4. c3 Nc6 5. Nf3 Qb6 6. a3 Bd7 7. b4 cxd4 8. cxd4 Rc8 9. Be2 a5 10. b5 Nxd4 11. Nxd4 Rxc1 12. Qxc1 Qxd4 13. Qc3 Bc5 14. O-O Ne7 15. Ra2 b6 16. a4 Ng6 17. Qxd4 Bxd4 18. Nd2 Bxe5 19. Rc1 Bd6 20. g3 Ke7 21. Rac2 e5 22. Nb3 h5 23. h4 f5 24. Rd1 d4 25. Bf3 Nf8 26. Bc6 Ne6 27. Bxd7 Kxd7 28. Rc6 Bc7 29. f4 Nd8 30. Rg6 Ne6 31. fxe5 Bxe5 32. Re1 Bf6 33. Kg2 Rc8 34. Rf1 Rc2+ 35. Kh3 Rc3 36. Nd2 Rc2 37. Nb3 Ke7 38. Rxf5 d3 39. Rd5 Kf7 40. Rxf6+ Kxf6 41. Rxd3 g5 42. g4 Nf4+ 0-1


[Site "https://www.chess.com"]

[Event "Titled Tuesday Blitz April 11 Late 2023"]
[White "Rodshtein, Maxim"]
[Black "Kokoszczynski, Jan"]
[WhiteFideId "2806851"]
[BlackFideId "1174460"]
[WhiteElo "2555"]
[BlackElo "2139"]
[Result "1-0"]
[Round "04"]
[TimeControl "180+2"]
[Date "2023.04.11"]
[WhiteClock "0:02:17"]
[BlackClock "0:02:03"]

1. e4 e5 2. Nf3 Nc6 3. Bc4 Bc5 4. d3 Nf6 5. Nc3 d6 6. a3 a6 7. h3 h6 8. Be3 Bxe3 9. fxe3 Qe7 10. O-O Be6 11. Nd5 Bxd5 12. exd5 Nb8 13. e4 Nbd7 14. Qe2 g6 15. Qe3 Kf8 16. Kh2 Kg7 17. Rf2 Nh7 18. Raf1 Raf8 19. c3 f5 20. exf5 gxf5 21. Nd4 1-0


[Site "https://www.chess.com"]

[Event "Titled Tuesday Blitz April 11 Late 2023"]
[White "Richter, Paul"]
[Black "Klukin, Kirill"]
[WhiteFideId "2046350"]
[BlackFideId "24199273"]
[WhiteElo "2171"]
[BlackElo "2344"]
[Result "1/2-1/2"]
[Round "04"]
[TimeControl "180+2"]
[Date "2023.04.11"]
[WhiteClock "0:00:08"]
[BlackClock "0:00:14"]

1. e4 d6 2. d4 f5 3. Nc3 Nf6 4. exf5 Bxf5 5. Bd3 Qd7 6. Nf3 g6 7. h3 Bg7 8. Bg5 O-O 9. Qe2 Nc6 10. O-O-O Rae8 11. Bc4+ d5 12. Bb3 Na5 13. g4 Nxb3+ 14. axb3 Be4 15. Ne5 Qe6 16. f3 c5 17. fxe4 cxd4 18. exd5 Nxd5 19. Nxd5 Qxd5 20. Qc4 Qxc4 21. Nxc4 b5 22. Na5 e5 23. Nc6 Re6 24. Nxa7 Rb8 25. Rhe1 Ra6 26. Nxb5 Rxb5 27. Re4 Rc5 28. Kd2 h6 29. Bh4 Rac6 30. Rc1 g5 31. Bg3 Rf6 32. Rxe5 Rc8 33. Re2 Rf3 34. Bf2 Rxh3 35. Rce1 Kh7 36. Re4 Rd8 37. R1e2 Rf3 38. Bg1 d3 39. cxd3 Rdxd3+ 40. Kc2 Rxb3 41. Bd4 Rb7 42. Bxg7 Rxg7 43. Re7 Rf4 44. R7e4 Rgf7 45. b4 R4f6 46. Kb3 Kg6 47. b5 h5 48. gxh5+ Kxh5 49. Kb4 g4 50. Rh2+ Kg5 51. Rg2 Rf4 52. Rxf4 Rxf4+ 53. Ka5 Rf5 54. Ka6 Kh4 55. b6 Rf6 56. Ka7 Kh3 57. Rxg4 Kxg4 58. b7 Rf7 59. Ka8 Rxb7 60. Kxb7 1/2-1/2


[Site "https://www.chess.com"]

[Event "Titled Tuesday Blitz April 11 Late 2023"]
[White "Urbina Perez, Juan Antonio"]
[Black "Oro, Faustino"]
[WhiteFideId "2217368"]
[BlackFideId "20000197"]
[WhiteElo "2197"]
[BlackElo "1984"]
[Result "0-1"]
[Round "04"]
[TimeControl "180+2"]
[Date "2023.04.11"]
[WhiteClock "0:00:14"]
[BlackClock "0:00:11"]

1. c4 e5 2. d3 Nf6 3. Nf3 Nc6 4. a3 a5 5. g3 g6 6. Bg2 Bg7 7. O-O d6 8. Nc3 O-O 9. Bg5 h6 10. Bd2 Be6 11. Rb1 d5 12. cxd5 Nxd5 13. Qc1 Kh7 14. Nxd5 Bxd5 15. Bc3 Nd4 16. Bxd4 exd4 17. Qc2 Re8 18. Rfc1 c6 19. b4 axb4 20. axb4 Qd6 21. Rb2 Ra3 22. Qc5 Qxc5 23. bxc5 Rc3 24. Rcc2 Ra8 25. Nd2 Ra1+ 26. Bf1 Bf8 27. Ne4 Rxc2 28. Rxc2 Rb1 29. Nd6 h5 30. f3 Bh6 31. Kg2 Kg7 32. Ne4 Kf8 33. h4 Bb3 34. Ra2 Bxa2 35. Nd2 Bxd2 0-1


[Site "https://www.chess.com"]

[Event "Titled Tuesday Blitz April 11 Late 2023"]
[White "Riehle, Marco"]
[Black "Tomaszewski, Kacper"]
[WhiteFideId "12904392"]
[BlackFideId "1127373"]
[WhiteElo "2462"]
[BlackElo "2211"]
[Result "1-0"]
[Round "04"]
[TimeControl "180+2"]
[Date "2023.04.11"]
[WhiteClock "0:01:27"]
[BlackClock "0:00:07"]

1. e4 e5 2. Nf3 Nc6 3. d4 exd4 4. Bc4 Be7 5. c3 dxc3 6. Qd5 Nh6 7. Bxh6 O-O 8. Bxg7 Kxg7 9. Nxc3 Nb4 10. Qd2 b5 11. Bxb5 c6 12. Be2 d5 13. exd5 Bf5 14. O-O Nxd5 15. Nd4 Bg6 16. Nxc6 Nxc3 17. Nxd8 Nxe2+ 18. Qxe2 Bxd8 19. Rac1 Bf6 20. b3 Rfe8 21. Qf3 Rad8 22. Rfd1 Rxd1+ 23. Rxd1 Re6 24. h3 Bh4 25. Qf4 Be7 26. b4 Re4 27. Qc7 Bxb4 28. Qxa7 Rc4 29. a4 Bc5 30. Qb8 Rc2 31. Qe5+ Kh6 32. Qf4+ Kg7 33. a5 Ba7 34. Rd7 Bc5 35. a6 Bb6 36. a7 Ra2 37. Qe5+ Kh6 38. Qb8 Ra1+ 39. Kh2 Bxf2 40. Qf4+ 1-0


[Site "https://www.chess.com"]

[Event "Titled Tuesday Blitz April 11 Late 2023"]
[White "Yuan, Qingyu"]
[Black "Roberson, Peter T"]
[WhiteFideId "8609772"]
[BlackFideId "412384"]
[WhiteElo "2359"]
[BlackElo "2346"]
[Result "1-0"]
[Round "04"]
[TimeControl "180+2"]
[Date "2023.04.11"]
[WhiteClock "0:01:05"]
[BlackClock "0:00:31"]

1. e4 c5 2. Nf3 d6 3. Bb5+ Bd7 4. Bxd7+ Nxd7 5. O-O Ngf6 6. Qe2 e6 7. b3 Be7 8. Bb2 O-O 9. c4 Ng4 10. d4 cxd4 11. Nxd4 Nge5 12. Nd2 Nc5 13. N2f3 Ned3 14. Bc3 Nf4 15. Qe3 Bg5 16. Kh1 Bh6 17. Qe1 e5 18. Nf5 Qf6 19. g3 Nfd3 20. Qe2 a5 21. Rad1 Nb4 22. Rxd6 Ne6 23. Bxe5 Qg6 24. Ne7+ 1-0


[Site "https://www.chess.com"]

[Event "Titled Tuesday Blitz April 11 Late 2023"]
[White "Bilych, Olexiy"]
[Black "Anand, Nadar"]
[WhiteFideId "14156504"]
[BlackFideId "25009141"]
[WhiteElo "2320"]
[BlackElo "2247"]
[Result "0-1"]
[Round "04"]
[TimeControl "180+2"]
[Date "2023.04.11"]
[WhiteClock "0:00:45"]
[BlackClock "0:00:04"]

1. d4 Nf6 2. c4 e6 3. Nf3 d5 4. Nc3 Bb4 5. cxd5 exd5 6. Qa4+ Nc6 7. Bg5 h6 8. Bxf6 Qxf6 9. e3 O-O 10. Rc1 Be6 11. a3 Bxc3+ 12. Rxc3 a6 13. Be2 Rfc8 14. Qc2 Bf5 15. Qc1 Qd6 16. O-O Ne7 17. b4 c6 18. Qb2 b5 19. a4 Bg4 20. a5 Bxf3 21. Bxf3 Nf5 22. Rfc1 Ra7 23. Qc2 Ne7 24. Rc5 Rac7 25. Qd3 g6 26. g3 Qf6 27. Kg2 Qd6 28. R1c3 h5 29. h4 Nf5 30. Qc2 Ne7 31. Kf1 Kf8 32. Ke1 Ke8 33. Kd1 Kd8 34. Kc1 Nf5 35. Kb2 Qd7 36. Qe2 Nd6 37. g4 Nc4+ 38. Kb3 hxg4 39. Bxg4 f5 40. Bh3 Qe6 41. Qf3 Nd2+ 42. Kc2 Nxf3 43. h5 Ng5 44. h6 Nxh3 45. h7 Kd7 46. Rxc6 Rxc6 0-1


[Site "https://www.chess.com"]

[Event "Titled Tuesday Blitz April 11 Late 2023"]
[White "Aggelis, Nikolaos"]
[Black "Yanchenko, Roman"]
[WhiteFideId "4213220"]
[BlackFideId "4137329"]
[WhiteElo "2189"]
[BlackElo "2491"]
[Result "1/2-1/2"]
[Round "04"]
[TimeControl "180+2"]
[Date "2023.04.11"]
[WhiteClock "0:00:04"]
[BlackClock "0:00:29"]

1. c4 e6 2. g3 d5 3. Bg2 Nf6 4. Nf3 Be7 5. O-O O-O 6. d4 Nbd7 7. b3 b6 8. Bb2 Bb7 9. Nbd2 dxc4 10. Nxc4 c5 11. Nfe5 Bxg2 12. Kxg2 Nxe5 13. Nxe5 Qd5+ 14. Kg1 Rfd8 15. dxc5 Qxc5 16. Nd3 Qh5 17. Bxf6 Bxf6 18. Rc1 g6 19. Rc4 Rd7 20. Qc2 Rad8 21. Rc1 Kg7 22. Rc8 Rxc8 23. Qxc8 Rd8 24. Nf4 Qa5 25. Qc7 Kg8 26. a4 Qd2 27. Qc2 Qb4 28. Rd1 Rxd1+ 29. Qxd1 Bd4 30. e3 Bf6 31. h4 Qc3 32. Qd3 Qc1+ 33. Kg2 Qc6+ 34. Kg1 Kg7 35. Ne2 Be5 36. Nf4 h6 37. Ne2 g5 38. hxg5 hxg5 39. Qb5 Qe4 40. Qc4 Qf3 41. Nc1 Kg6 42. Nd3 Bxg3 43. fxg3 Qxg3+ 44. Kf1 Qf3+ 45. Nf2 Qxe3 46. Qd3+ Qxd3+ 47. Nxd3 f5 48. Ne5+ Kf6 49. Nc6 a5 50. Na7 Ke5 51. Nc8 Kd4 52. Nxb6 Kc3 53. Nc4 Kb4 54. Ke2 g4 55. Ke3 g3 56. Kf3 f4 57. Nd2 e5 58. Kg2 Kc3 59. Nc4 Kb4 60. Nxe5 Kxb3 61. Kf3 Kxa4 62. Ng6 Kb3 63. Nxf4 a4 64. Nd3 a3 65. Kxg3 Kc3 66. Nc1 Kb2 67. Nd3+ Kc2 68. Nb4+ Kd2 69. Kf4 Kc3 70. Na2+ Kb3 71. Nc1+ Kc2 72. Na2 Kb2 73. Nb4 Kc3 74. Na2+ Kc4 75. Ke3 Kb3 76. Nc1+ Kc2 77. Na2 Kb2 78. Nb4 a2 79. Nxa2 1/2-1/2


[Site "https://www.chess.com"]

[Event "Titled Tuesday Blitz April 11 Late 2023"]
[White "Karamsetty, Jeevan"]
[Black "Barp, Alberto"]
[WhiteFideId "2025337"]
[BlackFideId "872555"]
[WhiteElo "2111"]
[BlackElo "2313"]
[Result "1/2-1/2"]
[Round "04"]
[TimeControl "180+2"]
[Date "2023.04.11"]
[WhiteClock "0:00:14"]
[BlackClock "0:00:08"]

1. e4 c6 2. d4 d5 3. exd5 cxd5 4. Bd3 Nc6 5. c3 Qc7 6. Ne2 Bg4 7. O-O Nf6 8. f3 Bh5 9. Bf4 Qd7 10. Ng3 Bg6 11. Re1 e6 12. b4 Be7 13. a4 Rc8 14. a5 O-O 15. Na3 Ne8 16. Qd2 Nd6 17. Nb5 Bxd3 18. Nxd6 Bxd6 19. Bxd6 Qxd6 20. Qxd3 Rc7 21. Re3 Rfc8 22. Ne2 a6 23. f4 Na7 24. f5 exf5 25. Qxf5 Re7 26. Rxe7 Qxe7 27. Rf1 Qe6 28. Qf3 Rd8 29. Nf4 Qf5 30. Qg3 Nb5 31. Nd3 Qg6 32. Qf3 f6 33. Nf4 Qe4 34. Qh3 Re8 35. Qg3 Qe3+ 36. Qxe3 Rxe3 37. Nxd5 Rd3 38. Rf3 Rd2 39. Kf1 Nd6 40. Ne7+ Kf7 41. Nf5 Nc4 42. Ne3 Nd6 43. Nf5 Nb5 44. Ne3 Ra2 45. Nc4 Ra1+ 46. Kf2 Rc1 47. Ne5+ Ke6 48. Ng4 Rxc3 49. Rxc3 Nxc3 50. Ke3 Nd5+ 51. Kd3 Nxb4+ 52. Kc4 Nc6 53. d5+ Kd6 54. dxc6 Kxc6 55. Ne3 b5+ 56. axb6 Kxb6 57. Nf5 g6 58. Ne7 a5 59. Ng8 f5 60. Nf6 h6 61. Nd5+ Kc6 62. Nf4 g5 63. Ne2 Kd6 64. Nd4 Ke5 65. Ne2 f4 66. Kb5 Ke4 67. Kxa5 g4 68. Kb4 f3 69. gxf3+ gxf3 70. Ng3+ Ke3 71. Kc4 Kf2 72. Kd4 Kg2 73. Ke3 f2 74. Ke2 h5 75. Nf1 h4 76. h3 Kg1 77. Ne3 Kh2 78. Kxf2 Kxh3 79. Ng2 Kg4 80. Nxh4 1/2-1/2


[Site "https://www.chess.com"]

[Event "Titled Tuesday Blitz April 11 Late 2023"]
[White "Martinez Ramirez, Lennis"]
[Black "Novik, Maxim"]
[WhiteFideId "3509079"]
[BlackFideId "4102924"]
[WhiteElo "2410"]
[BlackElo "2287"]
[Result "0-1"]
[Round "04"]
[TimeControl "180+2"]
[Date "2023.04.11"]
[WhiteClock "0:01:18"]
[BlackClock "0:00:44"]

1. c4 c5 2. Nf3 g6 3. Nc3 Bg7 4. d4 cxd4 5. Nxd4 Nc6 6. Nc2 Bxc3+ 7. bxc3 Qa5 8. Bd2 Nf6 9. g3 d6 10. Bg2 Be6 11. Ne3 O-O 12. O-O Ne5 13. Qb3 Rab8 14. Nd5 Nxc4 15. Nxe7+ Kg7 16. Bg5 Qxg5 17. Rad1 Qc5 18. Qb4 Qxb4 19. cxb4 Rfe8 20. Nd5 Bxd5 21. Bxd5 Nxd5 22. Rxd5 Rxe2 23. b5 Rxa2 24. Rc1 Rc8 25. Rd4 Ra4 26. Re1 Rb4 27. Re7 Rc5 28. Rxb7 Rb1+ 29. Kg2 Ra1 30. Rf4 Ne5 31. Rd4 Ra2 32. g4 g5 33. Rxd6 Rcc2 34. h4 Rxf2+ 35. Kg3 Rf3# 0-1


[Site "https://www.chess.com"]

[Event "Titled Tuesday Blitz April 11 Late 2023"]
[White "Sai Han Thiha"]
[Black "Pulpan, Jakub"]
[WhiteFideId "13012290"]
[BlackFideId "302759"]
[WhiteElo "1954"]
[BlackElo "2484"]
[Result "0-1"]
[Round "04"]
[TimeControl "180+2"]
[Date "2023.04.11"]
[WhiteClock "0:00:10"]
[BlackClock "0:01:13"]

1. d4 Nf6 2. c4 b6 3. Nf3 Bb7 4. g3 e6 5. Bg2 Be7 6. O-O O-O 7. Nc3 Ne4 8. Bd2 Nxc3 9. Bxc3 Be4 10. Qd2 c6 11. Rac1 a5 12. Ne5 Bxg2 13. Kxg2 d6 14. Nf3 b5 15. cxb5 cxb5 16. b3 Nd7 17. Bb2 a4 18. e4 Nf6 19. Qd3 axb3 20. axb3 d5 21. e5 Ne4 22. Ra1 Qb6 23. Nd2 Nxd2 24. Qxd2 h6 25. Rxa8 Rxa8 26. Ra1 Rxa1 27. Bxa1 Qa6 28. Qc1 b4 29. Qd1 Qa2 30. h4 h5 31. Kg1 g6 32. Kg2 Bf8 33. Kg1 Bh6 34. Kg2 Be3 35. Qe1 Bxf2 36. Qxf2 Qxa1 37. Qe3 Qc3 38. Kf3 Qxe3+ 39. Kxe3 f6 40. exf6 Kf7 41. Kf3 Kxf6 42. Kf4 e5+ 43. dxe5+ Ke6 44. g4 hxg4 45. Kxg4 Kxe5 46. Kg5 d4 47. Kxg6 d3 48. h5 d2 49. h6 d1=Q 50. h7 Qg4+ 51. Kh6 Kf5 52. h8=N Kf6 0-1


[Site "https://www.chess.com"]

[Event "Titled Tuesday Blitz April 11 Late 2023"]
[White "Weetik, Vjacheslav"]
[Black "Gil Alba, Hector Luis"]
[WhiteFideId "4153472"]
[BlackFideId "3504670"]
[WhiteElo "2469"]
[BlackElo "2331"]
[Result "1-0"]
[Round "04"]
[TimeControl "180+2"]
[Date "2023.04.11"]
[WhiteClock "0:00:04"]
[BlackClock "0:01:02"]

1. d4 Nf6 2. c4 e6 3. g3 d5 4. Nf3 dxc4 5. Bg2 Nc6 6. O-O Be7 7. Qa4 O-O 8. Qxc4 Nb4 9. a3 Nbd5 10. Qc2 Bd7 11. e4 Nb6 12. Nc3 Rc8 13. Rd1 Qe8 14. Bf4 Nh5 15. Bc1 Nf6 16. Ne5 c5 17. Be3 cxd4 18. Bxd4 Ba4 19. b3 Bb5 20. Qb2 Ba6 21. h3 h6 22. Kh2 Bc5 23. f4 Bxd4 24. Rxd4 Qe7 25. Rad1 Qc5 26. Na2 Qc2 27. Qxc2 Rxc2 28. Nb4 Rb2 29. Nxa6 bxa6 30. R4d3 Nxe4 31. Rd8 Nf6 32. Kg1 Nfd5 33. Rxf8+ Kxf8 34. b4 Rb1 35. Rxb1 1-0


[Site "https://www.chess.com"]

[Event "Titled Tuesday Blitz April 11 Late 2023"]
[White "Koziorowicz, Michal"]
[Black "Jumanov, Elbek"]
[WhiteFideId "21809194"]
[BlackFideId "14202905"]
[WhiteElo "2255"]
[BlackElo "2055"]
[Result "1-0"]
[Round "04"]
[TimeControl "180+2"]
[Date "2023.04.11"]
[WhiteClock "0:02:17"]
[BlackClock "0:01:42"]

1. e4 c5 2. Nf3 e6 3. b3 Nc6 4. Bb2 Nf6 5. e5 Nd5 6. d4 cxd4 7. Nxd4 a6 8. Nxc6 bxc6 9. c4 Nc7 10. Nc3 d5 11. exd6 Bxd6 12. Ne4 Bb4+ 13. Ke2 O-O 14. Qxd8 Rxd8 15. Rd1 Bb7 16. Be5 Rxd1 17. Kxd1 Rd8+ 18. Kc2 Ne8 19. Bd3 c5 20. Rd1 f6 21. Bb2 Nd6 22. Nxd6 Rxd6 23. Bxh7+ Kxh7 24. Rxd6 Be4+ 25. Kd1 e5 26. f3 Bb1 27. Rxa6 1-0


[Site "https://www.chess.com"]

[Event "Titled Tuesday Blitz April 11 Late 2023"]
[White "Rozman, Levy"]
[Black "Mazurkiewicz, Michal"]
[WhiteFideId "2039877"]
[BlackFideId "1124943"]
[WhiteElo "2376"]
[BlackElo "2054"]
[Result "1/2-1/2"]
[Round "04"]
[TimeControl "180+2"]
[Date "2023.04.11"]
[WhiteClock "0:00:21"]
[BlackClock "0:00:06"]

1. d4 Nf6 2. Bg5 e6 3. Nd2 h6 4. Bh4 d5 5. e3 Be7 6. Bd3 b6 7. c3 Bb7 8. Bxf6 Bxf6 9. f4 O-O 10. Ngf3 c5 11. h4 Ba6 12. Qe2 Bxd3 13. Qxd3 c4 14. Qc2 h5 15. g4 hxg4 16. Ng5 g6 17. e4 Nc6 18. O-O-O Bxd4 19. e5 Be3 20. h5 Bxf4 21. hxg6 Qxg5 22. g7 Qxg7 23. Rdg1 Nxe5 24. Kb1 f5 25. Nf1 Kf7 26. Ng3 Bxg3 27. Rxg3 Rh8 28. Re1 Nd3 29. Rf1 Qe5 30. Rxg4 Rag8 31. Rd4 Rh2 32. Qa4 Rxb2+ 33. Ka1 Rgg2 34. Qd7+ Kg6 35. Qe8+ Kg7 36. Qe7+ Kg6 37. Qe8+ Kg5 38. Qg8+ Kf6 39. Qf8+ Kg6 40. Qg8+ Kf6 41. Qf8+ Kg6 42. Qg8+ Qg7 43. Qxe6+ Qf6 44. Qg8+ Qg7 45. Qe6+ Qf6 46. Qg8+ Qg7 47. Qe6+ 1/2-1/2


[Site "https://www.chess.com"]

[Event "Titled Tuesday Blitz April 11 Late 2023"]
[White "Mikhalsky, Vladimir"]
[Black "Idani, Pouya"]
[WhiteFideId "14144352"]
[BlackFideId "12510130"]
[WhiteElo "2236"]
[BlackElo "2574"]
[Result "1/2-1/2"]
[Round "04"]
[TimeControl "180+2"]
[Date "2023.04.11"]
[WhiteClock "0:00:05"]
[BlackClock "0:00:08"]

1. d4 Nf6 2. c4 g6 3. f3 Bg7 4. e4 d6 5. Nc3 O-O 6. Be3 a6 7. Qd2 Nc6 8. Rb1 e5 9. d5 Nd4 10. Nge2 Nh5 11. Nxd4 exd4 12. Bxd4 Bxd4 13. Qxd4 f5 14. Bd3 fxe4 15. Bxe4 Nf4 16. O-O Bh3 17. Rf2 Qg5 18. g3 Rae8 19. Kh1 Nh5 20. Qd2 Qxd2 21. Rxd2 Nf6 22. Re1 Nxe4 23. Nxe4 Kg7 24. Rf2 g5 25. g4 h5 26. gxh5 Kh6 27. Rg1 Re5 28. Ng3 Bd7 29. Rd1 Rf4 30. b3 Re3 31. Kg2 Rc3 32. Ne4 Re3 33. Rd4 g4 34. Kg3 Rfxf3+ 35. Rxf3 gxf3 36. Kf2 Re2+ 37. Kxf3 Rxh2 38. Ng3 Rxa2 39. Rf4 Kg5 40. Rf7 Bg4+ 41. Ke3 Rb2 42. Ne4+ Kxh5 43. Rxc7 Rxb3+ 44. Kd4 Bf5 45. Nxd6 Bb1 46. c5 b5 47. c6 Rd3+ 48. Kc5 Rc3+ 49. Kb6 b4 50. Rb7 b3 51. c7 b2 52. c8=Q Rxc8 53. Nxc8 Be4 54. Kc5 b1=Q 55. Rxb1 Bxb1 56. d6 Bf5 57. Nb6 Kg6 58. d7 Bxd7 59. Nxd7 a5 60. Kb5 a4 61. Kxa4 1/2-1/2


[Site "https://www.chess.com"]

[Event "Titled Tuesday Blitz April 11 Late 2023"]
[White "Martin Barcelo, Carles"]
[Black "Iliaguev, Nisim"]
[WhiteFideId "24561444"]
[BlackFideId "2817276"]
[WhiteElo "2089"]
[BlackElo "2241"]
[Result "0-1"]
[Round "04"]
[TimeControl "180+2"]
[Date "2023.04.11"]
[WhiteClock "0:00:09"]
[BlackClock "0:00:56"]

1. e4 c6 2. Nf3 d5 3. d3 Bg4 4. h3 Bxf3 5. Qxf3 e6 6. Nc3 Nf6 7. Bd2 Nbd7 8. g4 h6 9. Bg2 Bc5 10. O-O Ne5 11. Qe2 Ng6 12. Na4 Bd6 13. f4 dxe4 14. dxe4 e5 15. f5 Nh4 16. Be3 Nxg2 17. Qxg2 Qa5 18. b3 O-O-O 19. Rfd1 Kb8 20. c4 Be7 21. Qf3 Qc7 22. Nc5 Rxd1+ 23. Rxd1 Rd8 24. Rxd8+ Qxd8 25. Qe2 Bxc5 26. Bxc5 b6 27. Bb4 Qd4+ 28. Kg2 c5 29. Be1 Nxe4 30. Bh4 f6 31. Be1 Kc7 32. Qf3 Qb2+ 33. Kg1 Qc2 34. Kf1 Qb1 35. Qe3 h5 36. Qf3 Nd2+ 0-1


[Site "https://www.chess.com"]

[Event "Titled Tuesday Blitz April 11 Late 2023"]
[White "Federzoni, Enzo"]
[Black "Korchmar, Vasiliy"]
[WhiteFideId "2173301"]
[BlackFideId "24131750"]
[WhiteElo "2039"]
[BlackElo "2370"]
[Result "0-1"]
[Round "04"]
[TimeControl "180+2"]
[Date "2023.04.11"]
[WhiteClock "0:00:41"]
[BlackClock "0:01:36"]

1. e4 c5 2. Nf3 d6 3. d4 cxd4 4. Nxd4 Nf6 5. Nc3 Nc6 6. Bg5 Bd7 7. Qd2 a6 8. O-O-O e6 9. f4 Be7 10. Nf3 b5 11. Bxf6 gxf6 12. f5 Qb6 13. Kb1 O-O-O 14. g3 Kb8 15. fxe6 fxe6 16. Bh3 Ne5 17. Nd4 Nc4 18. Qe2 Qc5 19. Nxe6 Qb4 20. b3 Na3+ 21. Kb2 Nc4+ 22. Kb1 Qxc3 23. bxc4 f5 24. Rd3 Qxc4 25. Nxd8 Rxd8 26. e5 Be6 27. exd6 Qxa2+ 28. Kc1 Bg5+ 29. Kd1 Qb1# 0-1


[Site "https://www.chess.com"]

[Event "Titled Tuesday Blitz April 11 Late 2023"]
[White "Adewumi, Tanitoluwa"]
[Black "Davidson, Kevin"]
[WhiteFideId "30966396"]
[BlackFideId "2056810"]
[WhiteElo "2283"]
[BlackElo "2151"]
[Result "1-0"]
[Round "04"]
[TimeControl "180+2"]
[Date "2023.04.11"]
[WhiteClock "0:00:08"]
[BlackClock "0:00:06"]

1. e4 c5 2. Nf3 d6 3. Bb5+ Nd7 4. c3 Nf6 5. Bd3 e6 6. Qe2 Be7 7. O-O O-O 8. a4 b6 9. Bc2 Bb7 10. d4 Qc7 11. Na3 a6 12. Re1 Rfe8 13. h3 Bf8 14. Bg5 h6 15. Bh4 g6 16. e5 dxe5 17. dxe5 Nd5 18. Rad1 Bg7 19. Nc4 Bc6 20. Bg3 b5 21. Nd6 Rf8 22. axb5 axb5 23. Be4 Ra2 24. Nxb5 Qb8 25. Bxd5 Bxb5 26. Bc4 Bxc4 27. Qxc4 Nb6 28. Qxa2 1-0


[Site "https://www.chess.com"]

[Event "Titled Tuesday Blitz April 11 Late 2023"]
[White "Vivas Zamora, Fabian Ernesto"]
[Black "Aldokhin, Ivan"]
[WhiteFideId "3902480"]
[BlackFideId "24115720"]
[WhiteElo "2262"]
[BlackElo "2322"]
[Result "1-0"]
[Round "04"]
[TimeControl "180+2"]
[Date "2023.04.11"]
[WhiteClock "0:00:05"]
[BlackClock "0:00:01"]

1. e4 c5 2. Nc3 e6 3. Nf3 a6 4. d4 cxd4 5. Nxd4 Qc7 6. g3 Nf6 7. Bg2 d6 8. O-O Be7 9. f4 Nc6 10. Be3 Bd7 11. h3 b5 12. a4 b4 13. Na2 O-O 14. g4 d5 15. e5 Ne4 16. c3 a5 17. Rc1 Qb7 18. c4 Nxd4 19. cxd5 Qxd5 20. Qxd4 Qxd4 21. Bxd4 Ng3 22. Rfe1 Rad8 23. Bf2 Bxa4 24. Bxg3 Bb3 25. Ra1 Rd2 26. Nc1 Bc4 27. Rxa5 Rxb2 28. Bf1 Bd5 29. Ne2 Rc8 30. Bf2 Rcc2 31. Rb5 b3 32. Rb8+ Bf8 33. Bd4 Ra2 34. Nc3 1-0


[Site "https://www.chess.com"]

[Event "Titled Tuesday Blitz April 11 Late 2023"]
[White "Kula, Robert"]
[Black "Karthikeyan, Murali"]
[WhiteFideId "1101218"]
[BlackFideId "5074452"]
[WhiteElo "2180"]
[BlackElo "2523"]
[Result "0-1"]
[Round "04"]
[TimeControl "180+2"]
[Date "2023.04.11"]
[WhiteClock "0:00:15"]
[BlackClock "0:00:26"]

1. d4 Nf6 2. c4 g6 3. Nc3 d6 4. e4 Bg7 5. Be2 O-O 6. Bg5 Na6 7. Qd2 e5 8. d5 Nc5 9. f3 a5 10. h4 Qe8 11. g4 h5 12. Bxf6 Bxf6 13. gxh5 Qe7 14. hxg6 Bxh4+ 15. Kd1 fxg6 16. Kc2 Bg5 17. Qe1 Bd7 18. Qg3 Kg7 19. Nh3 Be3 20. Raf1 Qf6 21. Nd1 Bf4 22. Nxf4 exf4 23. Qf2 Ba4+ 24. Kb1 Bxd1 25. Bxd1 Nd3 26. Qd2 Ne5 27. Rhg1 b6 28. Qc3 Rh8 29. Rf2 Rh6 30. Rfg2 Rah8 31. a3 Rh1 32. Ba4 R8h2 33. Ka2 Rxg1 34. Rxg1 Rf2 35. Be8 Rxf3 36. Qc2 Rg3 37. Rh1 Ng4 38. e5 Nxe5 39. Qh2 Kf8 40. Ba4 Nd3 41. Qe2 Re3 42. Qg2 f3 43. Qc2 Re2 44. Qxe2 fxe2 45. Rb1 e1=Q 46. Rxe1 Qxb2# 0-1


[Site "https://www.chess.com"]

[Event "Titled Tuesday Blitz April 11 Late 2023"]
[White "Marchesich, Giovanni"]
[Black "Tarlabasi, Emirhan"]
[WhiteFideId "2824790"]
[BlackFideId "6350275"]
[WhiteElo "2209"]
[BlackElo "2200"]
[Result "0-1"]
[Round "04"]
[TimeControl "180+2"]
[Date "2023.04.11"]
[WhiteClock "0:00:03"]
[BlackClock "0:00:33"]

1. d4 Nf6 2. Nf3 e6 3. e3 b6 4. Bd3 Bb7 5. O-O c5 6. c4 cxd4 7. exd4 d5 8. Nc3 Be7 9. Bg5 O-O 10. Ne5 h6 11. Bh4 dxc4 12. Bxc4 Nc6 13. Nf3 Nb4 14. Re1 Bxf3 15. gxf3 Rc8 16. Bb3 Nc6 17. d5 Nxd5 18. Bxe7 Ndxe7 19. Ne4 Nd4 20. Qd3 Nef5 21. Rad1 Qh4 22. Ng3 Qf4 23. Kg2 Rfd8 24. Re4 Qc7 25. Qf1 Qe7 26. Rg4 Nh4+ 27. Kh1 Nhxf3 28. Nh5 g6 29. Qg2 Nxb3 30. Rxg6+ fxg6 31. Qxg6+ Kf8 32. Qxh6+ Ke8 33. Ng7+ Kf7 34. Qh5+ Kxg7 35. Rg1+ Nxg1 0-1


[Site "https://www.chess.com"]

[Event "Titled Tuesday Blitz April 11 Late 2023"]
[White "Dilmukhametov, Artur"]
[Black "Sabuk, Piotr"]
[WhiteFideId "24179922"]
[BlackFideId "1137565"]
[WhiteElo "2199"]
[BlackElo "2298"]
[Result "1-0"]
[Round "04"]
[TimeControl "180+2"]
[Date "2023.04.11"]
[WhiteClock "0:00:54"]
[BlackClock "0:00:03"]

1. e4 e5 2. Bc4 Nf6 3. d4 exd4 4. Nf3 Nxe4 5. Qxd4 Nf6 6. Nc3 c6 7. Bg5 Be7 8. O-O-O O-O 9. Rhe1 d5 10. Bd3 Be6 11. Qh4 h6 12. Bxh6 Ne4 13. Qh5 g6 14. Qe5 Bf6 15. Qf4 Nxc3 16. bxc3 Nd7 17. Bxg6 Qb8 18. Bxf7+ Kxf7 19. Ng5+ Kg6 20. Nxe6 Qxf4+ 21. Bxf4 Rf7 22. Rd3 Bh4 23. Bg3 Bf6 24. Rde3 Rh8 25. h3 Kh7 26. Rf3 Rg8 27. Kd1 1-0


[Site "https://www.chess.com"]